 Dungeon Crawl Stone Soup version 0.25.1-2-g60ff931df9 (webtiles) character file.

Game seed: 2127914295016834835

60 gruber the Slasher (level 3, 0/31 HPs)
             Began as a Minotaur Fighter on Dec 3, 2020.
             Killed by nerve-wracking pain
             ... invoked by Jessica
              (5 damage)
             ... on level 2 of the Dungeon.
             The game lasted 00:00:37 (1072 turns).

gruber the Slasher (Minotaur Fighter)               Turns: 1072, Time: 00:00:38

Health: 0/31       AC:  6    Str: 21    XL:     3   Next: 80%
Magic:  2/2        EV:  7    Int:  5    God:
Gold:   26         SH:  9    Dex:  9    Spells: 2/2 levels left

rFire    . . .     SeeInvis .   a - +0 long sword
rCold    . . .     Gourm    .   c - +0 kite shield
rNeg     . . .     Faith    .   b - +0 scale mail
rPois    .         Spirit   .   (helmet restricted)
rElec    .         Reflect  .   (no cloak)
rCorr    .         Harm     .   (no gloves)
MR       .....                  (no boots)
Stlth    ..........             (no amulet)
HPRegen  0.10/turn              (no ring)
MPRegen  0.08/turn              (no ring)

@: no status effects
A: retaliatory headbutt, horns 2
a: no special abilities


You were on level 2 of the Dungeon.
You were hungry.

You visited 1 branch of the dungeon, and saw 2 of its levels.

You collected 26 gold pieces.

Inventory:

Hand Weapons
 a - a +0 long sword (weapon)
Armour
 b - a +0 scale mail (worn)
 c - a +0 kite shield (worn)
Scrolls
 e - a scroll of amnesia {unknown}
 i - a scroll of identify {unknown}
 j - a scroll of teleportation {unknown}
 l - a scroll of enchant armour {unknown}
Potions
 d - a potion of might
 h - a potion of magic {unknown}
 k - a potion of curing
Comestibles
 f - 4 rations
 g - 2 chunks of flesh


   Skills:
 - Level 3.6 Fighting
 + Level 5.1 Long Blades
 - Level 3.6 Armour
 - Level 3.6 Shields


You had 2 spell levels left.
You didn't know any spells.
Your spell library was empty.

Dungeon Overview and Level Annotations

Branches:
Dungeon (2/15)

Altars:

Annotations:
D:2 Jessica, Natasha


Innate Abilities, Weirdness & Mutations

You reflexively headbutt those who attack you in melee.
You have a pair of horns on your head.


Message History

You are too injured to fight recklessly!
You are too injured to fight recklessly!
You are too injured to fight recklessly!
You hit Jessica but do no damage. You block Jessica's attack.
Natasha mumbles some strange words.
Natasha glows brightly for a moment.
Your shield prevents you from hitting Jessica.
A bat comes into view.
You block Jessica's attack.
You closely miss Jessica.
Natasha mumbles some strange words.
Jessica gestures wildly while chanting.
Jessica seems to speed up.
You hit Jessica. Your headbutt misses Jessica.
Jessica is moderately wounded.
Jessica casts a spell at you. Pain shoots through your body!
* * * LOW HITPOINT WARNING * * *
Jessica gestures at you while chanting. Pain shoots through your body!
You die...

# #........ #
.......# # ##(....
#..#.# # #
#.5..#.### # ###
#.b.......
#####.#######
#h5.##.##.
.....#......#
#@### #
....###.###.# #@#
###..#.####.####.#
#..............#
#########.######
#.# #.# #.. ###


You could see Natasha, a crimson imp (summoned), a white imp (summoned), Jessica
(fast) and a bat.

Vanquished Creatures
  Natasha (D:2)
  3 dart slugs (D:1)
  2 leopard geckos (D:1)
  5 bats
  7 hobgoblins (D:1)
  A jackal (D:2)
  2 kobolds (D:1)
  A frilled lizard (D:1)
  2 goblins (D:1)
  3 rats (D:1)
27 creatures vanquished.

Vanquished Creatures (others)
  2 jackals (D:2)
2 creatures vanquished.

Grand Total: 29 creatures vanquished

Notes
Turn   | Place    | Note
-------+----------+-------------------------------------------
     0 | D:1      | gruber the Minotaur Fighter began the quest for the Orb.
     0 | D:1      | Reached XP level 1. HP: 19/19 MP: 0/0
    51 | D:1      | Reached skill level 3 in Long Blades
    83 | D:1      | Reached XP level 2. HP: 23/26 MP: 1/1
   323 | D:1      | Reached skill level 4 in Long Blades
   477 | D:1      | Reached XP level 3. HP: 30/31 MP: 2/2
   852 | D:2      | Noticed Natasha
   861 | D:2      | Killed Natasha
   861 | D:2      | Reached skill level 5 in Long Blades
  1054 | D:2      | Noticed Jessica
  1055 | D:2      | Noticed Natasha
  1072 | D:2      | Killed from afar by Jessica

Illustrated notes

Levels and vault maps discovered:
D:1:      dpeg_arrival_rooms_with_view, layout_basic, minivault_4,
          minmay_misc_feat_four_crosses, minmay_stone_trees_small,
          minmay_fountain_box
D:2:      layout_loops_ring, lemuel_flame_loot_1, uniq_jessica, uniq_natasha

Skill      XL: |  1  2  3 |
---------------+----------+-----
Long Blades    | 3 4 5 |  5.1
Fighting       | |  3.6
Armour         | |  3.6
Shields        | |  3.6

Action                   || total
-------------------------++-------
Melee: Long sword        ||    60
       Headbutt          ||     7
Armor: Scale mail        ||    24
Dodge: Dodged            ||    17
Block: Kite shield       ||    25
       Rpst.: Long sword ||     5
